Map: Abyssal Reef LE

Players

ShoWTimE - Winner!

  • Race: Protoss Protoss
  • Spawn Location: 11:00

Kelazhur

  • Race: Terran Terran
  • Spawn Location: 5:00

Event: WCS Montreal 2017

VOD

Have the link to the VOD?

Description

Time

  • Played on: Sept. 9, 2017, 3:04 p.m.
  • Length: 19:05

All games in this series

Show
View Real Time Build Order
Export as new Build Order

ShoWTimE Protoss - Winner!

Build Orders: Oracle Opening 

Get SALT Encoding   

  12  0:00  Probe (Chrono Boost)  
  13  0:11  Probe (Chrono Boost)  
  14  0:17  Pylon  
  14  0:22  Probe (Chrono Boost)  
  15  0:35  Gateway  
  15  0:38  Probe (Chrono Boost)  
  16  0:44  Assimilator  
  16  0:49  Probe (Chrono Boost)  
  17  0:55  Pylon  
  17  0:59  Probe (Chrono Boost)  
  18  1:10  Probe (Chrono Boost)  
  19  1:13  Gateway  
  19  1:23  Cybernetics Core  
  19  1:28  Probe (Chrono Boost)  
  20  1:34  Zealot (Chrono Boost)  
  20  1:39  Probe  
  23  1:46  Assimilator  
  23  1:51  Probe  
  24  2:01  Adept (Chrono Boost)  
  26  2:04  Probe  
  26  2:06  Stalker (Chrono Boost)  
  29  2:21  Pylon  
  29  2:22  Probe (Chrono Boost)  
  29  2:31  Stargate  
  29  2:35  Probe (Chrono Boost)  
  30  2:44  Stalker  
  32  2:46  Probe (Chrono Boost)  
  33  2:52  Warp Gate  
  34  2:58  Probe (Chrono Boost)  
  34  3:09  Probe (Chrono Boost)  
  34  3:12  Pylon  
  35  3:17  Oracle (Chrono Boost)  
  38  3:20  Probe  
  39  3:35  Pylon  
  39  3:52  Nexus  
  39  3:54  Oracle (Chrono Boost)  
  39  3:55  Probe  
  43  4:07  Probe, Pylon  
  44  4:16  Gateway  
  44  4:19  Probe  
  45  4:31  Probe  
  46  4:34  Gateway  
  46  4:39  Phoenix (Chrono Boost)  
  46  4:43  Probe  
  49  4:55  Probe  
  49  5:02  Phoenix (Chrono Boost)  
  49  5:05  Probe  
  48  5:07  Probe  
  49  5:15  Probe  
  49  5:20  Probe  
  51  5:25  Phoenix (Chrono Boost)  
  53  5:31  Adept x2  
  53  5:35  Adept  
  59  5:37  Probe  
  59  5:38  Mothership Core  
  62  5:49  Probe  
  63  5:53  Phoenix (Chrono Boost)  
  65  5:57  Probe  
  65  6:01  Probe, Pylon  
  67  6:08  Probe  
  66  6:13  Probe  
  64  6:19  Probe  
  64  6:23  Assimilator  
  64  6:24  Assimilator  
  65  6:25  Probe  
  65  6:29  Probe  
  67  6:36  Nexus  
  67  6:38  Probe, Pylon  
  66  6:40  Probe  
  65  6:50  Probe x2  
  65  6:52  Twilight Council  
  66  6:59  Forge  
  66  7:01  Probe  
  66  7:02  Probe  
  66  7:03  Phoenix (Chrono Boost)  
  67  7:11  Probe  
  67  7:13  Robotics Facility  
  67  7:14  Probe  
  69  7:22  Probe, Sentry x2  
  73  7:26  Probe, Pylon  
  73  7:28  Oracle (Chrono Boost)  
  73  7:29  Protoss Ground Weapons Level 1  
  78  7:32  Probe  
  78  7:37  Resonating Glaives (Chrono Boost)  
  79  7:38  Probe  
  79  7:43  Probe  
  80  7:49  Gateway  
  80  7:50  Probe, Gateway  
  82  7:57  Gateway  
  82  8:03  Observer (Chrono Boost)  
  83  8:08  Gateway  
  83  8:11  Gateway, Adept x2  
  87  8:15  Probe x3, Pylon  
  90  8:22  Pylon  
  90  8:28  Warp Prism (Chrono Boost)  
  90  8:29  Probe x3  
  95  8:44  Adept x5  
  105  8:50  Assimilator, Probe  
  105  8:54  Assimilator  
  106  8:57  Pylon  
  105  9:02  Photon Cannon  
  105  9:07  Photon Cannon  
  103  9:14  Protoss Ground Armor Level 1  
  103  9:17  Adept x5  
  113  9:32  Blink (Chrono Boost)  
  113  9:43  Observer, Pylon  
  114  9:46  Pylon  
  114  9:49  Stalker x4  
  122  9:54  Pylon  
  120  10:06  Robotics Bay  
  120  10:09  Robotics Facility  
  120  10:17  Nexus  
  120  10:19  Pylon  
  120  10:29  Warp Prism  
  120  10:30  Forge  
  120  10:35  Adept x4  
  128  10:41  Adept x2  
  132  10:45  Probe x3  
  133  10:58  Colossus (Chrono Boost)  
  139  11:06  Protoss Ground Weapons Level 2  
  129  11:14  Colossus (Chrono Boost)  
  129  11:17  Probe x3  
  129  11:29  Probe x3  
  129  11:32  Probe  
  132  11:35  Protoss Ground Armor Level 2  
  132  11:36  Extended Thermal Lance (Chrono Boost)  
  133  11:41  Probe x2  
  133  11:43  Probe  
  133  11:45  Probe, Colossus  
  137  11:53  Probe x2, Assimilator  
  145  11:57  Assimilator  
  145  11:58  Adept x2  
  145  12:00  Colossus  
  155  12:12  Probe  
  155  12:13  Probe  
  143  12:36  Probe  
  144  12:39  Templar Archives  
  144  12:42  Pylon  
  150  12:45  Dark Shrine  
  150  12:46  Photon Cannon, Pylon  
  150  12:53  Photon Cannon x2, Immortal x2  
  150  12:55  Pylon  
  152  13:00  Sentry x3  
  152  13:01  Stalker x4  
  166  13:05  Stalker  
  166  13:12  Pylon  
  168  13:24  Adept  
  168  13:25  Adept x6  
  180  13:37  Disruptor x2  
  180  13:38  Adept  
  180  13:51  Adept x4  
  180  13:52  Adept x3  
  190  14:04  Pylon x2  
  190  14:09  Dark Templar  
  171  14:14  Dark Templar  
  155  14:17  Dark Templar x2  
  140  14:44  Dark Templar  
  130  14:47  Adept x5  
  124  14:55  Dark Templar  
  103  16:23  Nexus  
  103  16:39  Nexus  
  103  16:59  Dark Templar  
  105  17:15  Dark Templar  
  107  17:28  Stalker  
  109  17:31  Stalker  
  106  18:05  Dark Templar  
  108  18:08  Sentry x3  
  114  18:15  Observer  
  110  18:50  Adept x2  
  110  18:51  Adept x3  
Show
View Real Time Build Order
Export as new Build Order

Kelazhur Terran 

Build Orders: Cyclone Opening, MMM Bio 

Get SALT Encoding   

  12  0:00  SCV  
  13  0:13  SCV  
  14  0:18  Supply Depot  
  14  0:25  SCV  
  15  0:40  SCV  
  15  0:41  Barracks  
  16  0:46  Refinery  
  16  0:52  SCV  
  16  0:56  Refinery  
  17  1:04  SCV  
  18  1:16  SCV  
  19  1:29  Orbital Command  
  19  1:30  Reaper  
  19  1:31  Supply Depot  
  20  1:45  Factory  
  20  1:55  SCV  
  21  2:07  SCV  
  22  2:19  SCV  
  23  2:28  Cyclone  
  25  2:31  SCV  
  26  2:43  SCV  
  26  2:44  Supply Depot  
  26  2:52  Starport  
  26  2:55  SCV  
  27  3:01  Cyclone  
  27  3:03  Barracks  
  30  3:07  SCV  
  30  3:12  Liberator  
  31  3:19  SCV  
  32  3:31  SCV  
  36  3:40  Command Center  
  36  3:43  SCV  
  36  3:47  Widow Mine  
  39  3:55  Supply Depot  
  39  3:59  Barracks  
  39  4:00  Barracks Tech Lab  
  40  4:17  SCV  
  38  4:29  SCV  
  33  4:40  Marine  
  33  4:41  Stimpack, Widow Mine, SCV  
  37  4:51  Marine  
  39  4:53  SCV  
  39  4:54  Orbital Command  
  39  4:58  Marine  
  40  5:05  SCV  
  38  5:09  Marine  
  38  5:12  Orbital Command  
  39  5:16  Marine  
  39  5:17  SCV  
  41  5:21  Factory Reactor  
  41  5:22  Starport Reactor  
  41  5:25  Widow Mine  
  41  5:26  Medivac  
  41  5:27  Marine  
  46  5:29  SCV, Engineering Bay  
  46  5:33  Marine  
  48  5:38  SCV  
  48  5:42  SCV  
  50  5:45  Marine  
  49  5:50  SCV  
  49  5:51  Marine  
  49  5:56  Missile Turret  
  51  5:58  SCV  
  51  6:02  Marine, SCV  
  51  6:03  Viking  
  56  6:05  Factory Reactor  
  56  6:09  Marine  
  57  6:15  SCV  
  43  6:20  Marine  
  39  6:27  Liberator, Marine, SCV  
  39  6:30  Orbital Command  
  37  6:38  Marine  
  37  6:39  SCV  
  39  6:41  Widow Mine x2  
  39  6:45  Marine  
  39  6:47  Orbital Command  
  47  6:56  Marine, SCV  
  50  7:02  Marine  
  50  7:08  SCV  
  50  7:09  Combat Shields  
  50  7:14  Marine  
  52  7:16  Orbital Command  
  52  7:20  Marine  
  53  7:30  Liberator  
  53  7:31  Marine, SCV  
  52  7:38  Marine  
  52  7:43  SCV  
  54  7:49  Marine, SCV  
  59  7:55  SCV  
  60  8:01  SCV  
  60  8:03  Terran Infantry Weapons Level 1  
  60  8:05  Barracks x2  
  61  8:06  Barracks  
  61  8:07  SCV  
  62  8:13  Supply Depot  
  62  8:17  Factory Reactor  
  62  8:19  Marine x3, SCV  
  66  8:26  SCV  
  66  8:30  Missile Turret  
  66  8:31  SCV  
  67  8:38  SCV  
  67  8:40  Marine x3  
  71  8:44  SCV  
  71  8:57  Marine  
  71  8:58  Marine  
  71  9:02  SCV  
  72  9:11  Marauder  
  72  9:12  Widow Mine x2, Barracks Tech Lab  
  72  9:13  Barracks Tech Lab  
  72  9:14  Barracks Reactor, SCV  
  73  9:24  Marine x2  
  73  9:31  Refinery  
  75  9:34  Refinery  
  75  9:35  Marauder, Concussive Shells  
  77  9:40  Supply Depot x2, Marauder x2  
  77  9:43  SCV  
  77  9:44  Marine x2  
  86  9:51  Marine x2  
  86  9:54  Factory Reactor  
  86  10:01  Marine x2  
  86  10:02  Marauder x2  
  91  10:07  Terran Infantry Armor Level 1  
  91  10:09  Supply Depot  
  91  10:11  Medivac x2  
  95  10:15  Marine x2  
  95  10:16  Command Center  
  95  10:18  Marine  
  95  10:19  Marine, Marauder  
  101  10:23  Marauder  
  102  10:30  SCV x2  
  102  10:31  Armory  
  104  10:36  Supply Depot  
  104  10:37  Marine  
  104  10:41  Supply Depot  
  106  10:42  SCV  
  106  10:51  Marauder x2  
  110  10:57  Marine, Widow Mine x2  
  110  11:01  Supply Depot  
  115  11:08  Marine, Marauder  
  114  11:17  SCV x2  
  114  11:18  Marine  
  116  11:23  Medivac  
  116  11:24  Marine  
  116  11:25  Widow Mine x2  
  116  11:28  Marauder  
  122  11:37  Engineering Bay  
  122  11:39  Supply Depot, SCV  
  123  11:48  Marine, Marauder  
  123  11:50  Marine  
  127  12:00  Marine  
  127  12:01  Marine, Marauder  
  130  12:12  Widow Mine x2  
  134  12:19  Orbital Command  
  134  12:20  SCV  
  134  12:22  Marine, Marauder  
  135  12:24  SCV  
  135  12:26  Terran Infantry Weapons Level 2  
  136  12:31  Terran Infantry Armor Level 2  
  136  12:32  SCV  
  136  12:35  Marauder  
  136  12:36  SCV  
  140  12:39  Marauder  
  140  12:41  Supply Depot  
  142  12:45  SCV x2  
  142  12:47  Medivac  
  142  12:49  Widow Mine  
  142  12:50  Widow Mine  
  150  12:57  Marine  
  150  12:58  Marine x2, Marauder  
  155  13:01  Marine  
  155  13:03  Marauder  
  158  13:09  Supply Depot  
  158  13:10  Marauder  
  160  13:14  Liberator x2  
  160  13:15  Marine  
  165  13:25  Marauder  
  157  13:33  Marine x2  
  157  13:34  Marauder  
  141  13:47  Marine  
  135  13:57  Liberator x2  
  120  14:10  Marine x2  
  93  15:01  Orbital Command  
  91  15:34  Marine x2  
  66  15:53  Marine  
  65  15:57  Marine  
  60  16:13  Marauder x2  
  60  16:14  Marauder  
  60  16:15  Marine  
  63  16:21  Medivac  
  63  16:27  Medivac, Marine  
  66  16:33  Marine  
  67  16:40  Marine  
  66  17:16  Medivac x2  
  76  17:27  Command Center  
  69  17:39  Missile Turret  
  41  18:44  Marine  
Tags
 
Add a new tag
Caveats
  • Supply blocks, unpowered buildings, or Contaminate may cause inaccurate times.
  • Supply counts are checked every 10 seconds.